 Dungeon Crawl Stone Soup version 0.30.1-5-ged363bc7ee (webtiles) character file.

Game seed: 13162332432751765358

646 monsoonserge the Ducker (level 7, -5/54 HPs)
             Began as a Demonspawn Monk on Sept 19, 2023.
             Was a Believer of Nemelex Xobeh.
             Slain by an ice beast (13 damage)
             ... on level 6 of the Dungeon.
             The game lasted 00:13:51 (4472 turns).

monsoonserge the Ducker (Demonspawn Monk)           Turns: 4472, Time: 00:13:53

Health: -5/54      AC:  7    Str: 12    XL:     7   Next: 27%
Magic:  8/8        EV: 12    Int: 11    God:    Nemelex Xobeh [**....]
Gold:   190        SH:  4    Dex: 17    Spells: 6/6 levels left

rFire   . . .        z - +7 morningstar
rCold   . . .        d - orb {light}
rNeg    + . .        x - +2 ring mail of the Mordant Meadowlark {rN+ rCorr}
rPois   .            (helmet restricted)
rElec   .            y - scarf {harm}
rCorr   +            (no gloves)
SInv    .            (no boots)
Will    .....        a - amulet of the acrobat
Stlth   +            (no ring)
HPRegen 0.29/turn    (no ring)
MPRegen 0.22/turn

%: harm (+30% outgoing, +20% incoming), acrobat
@: glowing
A: horns 1, large bone plates 1, ignite blood 2, magic regeneration
a: Renounce Religion, Draw Escape, Draw Destruction, Draw Summoning


You were on level 6 of the Dungeon.
You worshipped Nemelex Xobeh.
Nemelex Xobeh was pleased with you.
You visited 2 branches of the dungeon, and saw 7 of its levels.

You collected 267 gold pieces.
You spent 77 gold pieces at shops.

Inventory:

Hand Weapons
 p - a +2 dagger of protection
 w - a +0 short sword of speed
 z - a +7 morningstar (weapon)
Missiles
 g - 5 boomerangs (quivered)
Armour
 d - an orb of light (worn)
 o - +0 swamp dragon scales
 q - a +0 cloak
 x - the +2 ring mail of the Mordant Meadowlark (worn) {rN+ rCorr}
   (You found it on level 3 of the Dungeon)

   rN:        It protects you from negative energy.
   rCorr:     It protects you from acid and corrosion.
 y - a scarf of harm (worn)
Jewellery
 a - an amulet of the acrobat (around neck)
 C - a +6 ring of strength
Wands
 v - a wand of polymorph (4)
Scrolls
 b - 3 scrolls of immolation {unknown}
 c - 2 scrolls of fear
 h - 7 scrolls of teleportation
 i - 7 scrolls of identify {unknown}
 k - 2 scrolls of magic mapping {unknown}
 l - a scroll of vulnerability {unknown}
 m - a scroll of amnesia {unknown}
 B - a scroll of blinking {unknown}
Potions
 e - 2 potions of degeneration {unknown}
 f - 5 potions of curing
 j - 2 potions of attraction {unknown}
 n - a potion of mutation {unknown}
 r - a potion of magic {unknown}
 s - 3 potions of brilliance {unknown}
 u - 3 potions of haste {unknown}
 A - 2 potions of heal wounds {unknown}


   Skills:
 + Level 4.1 Fighting
 + Level 3.0(3.8) Short Blades
 - Level 3.6(4.1) Long Blades
 + Level 0.1 Throwing
 + Level 2.8 Armour
 + Level 4.5 Dodging
 + Level 1.1 Stealth
 - Level 0.1 Shields
 * Level 1.5 Invocations
 * Level 0.7 Evocations


You had 6 spell levels left.
You didn't know any spells.
Your spell library was empty.

Dungeon Overview and Level Annotations

Branches:
Dungeon (6/15)             Temple (1/1) D:4

Altars:
Ashenzari
Cheibriados
Fedhas
Gozag
Hepliaklqana
Kikubaaqudgha
Makhleb
Nemelex Xobeh
Okawaru
Qazlal
Ru
Sif Muna
Trog
Uskayaw
Vehumet
Wu Jian
Xom
Yredelemnul

Shops:
D:5 ?

Annotations:
D:4 1 runed translucent door, Cwest1230's ghost, novice SpBr
D:5 1 runed translucent door, Crazy Yiuf; Eustachio; Sigmund


Innate Abilities, Weirdness & Mutations

You have a pair of small horns on your head.
You are partially covered in large bone plates. (SH +4)
Your demonic aura often causes spilled blood to erupt in flames.
You regenerate magic rapidly.


Message History

An ice beast comes into view.
The ogre closely misses you.
You barely miss the ogre.
The ogre is moderately wounded.
The ogre hits you with a +0 giant spiked club!
* * * LOW HITPOINT WARNING * * *
You bludgeon the ogre!!
You kill the ogre!
Your Short Blades skill increases to level 3!
Okay, then.
Aiming: Polymorph
Press: ? - help, Shift-Dir - straight line, f - ice beast
Aim: an ice beast (will become a wyvern, a sky beast, or an acid dragon, chance to affect: 50%)
Okay, then.
Okay, then.
Aiming: Mindburst
Press: ? - help, Shift-Dir - straight line, f - ice beast
Aim: an ice beast (chance to affect: 67%)
The ice beast struggles to resist.
The now-empty wand crumbles to dust.
Throw: 5 boomerangs
Press: ? - help, Q - select action, (/) - cycle Shift-Dir - straight line, f/p - ice beast
Aim: an ice beast (haloed, 79% to hit)
You throw a boomerang.
The boomerang hits the ice beast but does no damage.
Throw: 5 boomerangs
Press: ? - help, Q - select action, (/) - cycle Shift-Dir - straight line, f/p - ice beast
Aim: an ice beast (haloed, 79% to hit)
You throw a boomerang.
The boomerang hits the ice beast but does no damage.
You hit the ice beast. Your headbutt misses the ice beast.
The ice beast is lightly wounded.
The ice beast closely misses you.
The ice beast hits you but does no damage.
You puncture the ice beast! You headbutt the ice beast.
The ice beast is almost dead.
The ice beast hits you.
* * * LOW HITPOINT WARNING * * *
The ice beast freezes you!
You die...
Your body disappears without additional glow.

.#...........?
..........$..
#..........#
#..........#
##..........#
.......°...#
#...°Y.# #
###@###....
#.......#
##'##.###
##...##..
##.....##...
+...♣...#+#..
##.....## .
##...## ##'##


You could see an ice beast.

Vanquished Creatures
  An ogre (D:6)
  A phantom (D:5)
  A scorpion (D:4)
  The ghost of turdburglar the Trooper, a weakling OgGl (D:3)
  2 hounds (D:4)
  2 jellies (D:5)
  An orc priest (D:3)
  Terence (D:1)
  2 iguanas
  An orc wizard (D:4)
  5 adders
  A worm (D:2)
  2 dart slugs
  9 orcs
  3 endoplasms
  4 giant cockroaches
  6 goblins
  2 hobgoblins
  5 jackals
  8 kobolds
  4 quokkas
  3 ball pythons
  6 bats
  5 frilled lizards
  4 rats
80 creatures vanquished.

Notes
Turn   | Place    | Note
-------+----------+-------------------------------------------
     0 | D:1      | monsoonserge the Demonspawn Monk began the quest for the
                  | Orb.
     0 | D:1      | Reached XP level 1. HP: 18/18 MP: 1/1
   228 | D:1      | Gained mutation: You regenerate magic rapidly. [demonic
                  | ancestry]
   228 | D:1      | Reached XP level 2. HP: 24/24 MP: 2/2
   781 | D:2      | Noticed Terence
   806 | D:1      | Killed Terence
   807 | D:1      | Gained mutation: Your demonic aura sometimes causes spilled
                  | blood to erupt in flames. [demonic ancestry]
   807 | D:1      | Reached XP level 3. HP: 8/29 MP: 3/3
  1318 | D:2      | Reached XP level 4. HP: 32/35 MP: 4/4
  1637 | D:3      | Found a runed translucent gate.
  1637 | D:3      | Found a runed translucent gate.
  1645 | D:3      | Found a runed translucent gate.
  1645 | D:3      | Noticed turdburglar's ghost (weakling OgGl)
  1646 | D:3      | Identified the +2 ring mail of the Mordant Meadowlark {rN+
                  | rCorr}
  2076 | D:4      | Found a runed translucent door.
  2079 | D:4      | Noticed a bullfrog
  2080 | D:4      | Noticed Cwest1230's ghost (novice SpBr)
  2098 | D:4      | Reached skill level 1 in Armour
  2115 | D:4      | Noticed a scorpion
  2142 | D:4      | Killed a scorpion
  2143 | D:4      | Gained mutation: You are partially covered in large bone
                  | plates. (SH +4) [demonic ancestry]
  2143 | D:4      | Reached XP level 5. HP: 9/41 MP: 5/5
  2564 | D:3      | Reached skill level 1 in Short Blades
  2643 | D:4      | Gained mutation: Your demonic aura often causes spilled
                  | blood to erupt in flames. [demonic ancestry]
  2643 | D:4      | Reached XP level 6. HP: 46/48 MP: 6/6
  2741 | D:4      | Reached skill level 1 in Stealth
  2824 | D:4      | Found a staircase to the Ecumenical Temple.
  2867 | Temple   | Entered the Ecumenical Temple
  3116 | D:3      | Killed turdburglar's ghost
  3748 | D:5      | Entered Level 5 of the Dungeon
  3838 | D:5      | Gained mutation: You have a pair of small horns on your
                  | head. [demonic ancestry]
  3838 | D:5      | Reached XP level 7. HP: 48/54 MP: 7/7
  3894 | D:5      | Found a runed translucent door.
  3895 | D:5      | Noticed Crazy Yiuf
  3914 | D:5      | Noticed Eustachio
  4011 | Temple   | Became a worshipper of Nemelex Xobeh the Trickster
  4011 | Temple   | Reached * piety under Nemelex Xobeh
  4011 | Temple   | Received a gift from Nemelex Xobeh
  4011 | Temple   | Reached ** piety under Nemelex Xobeh
  4141 | D:5      | Reached skill level 1 in Invocations
  4168 | D:5      | Found Homm's Magic Scroll Shop.
  4176 | D:5      | Bought a scroll of fear for 44 gold pieces
  4176 | D:5      | Bought a scroll of teleportation for 33 gold pieces
  4392 | D:5      | Noticed Sigmund
  4472 | D:6      | Slain by an ice beast

Illustrated notes

Levels and vault maps discovered:
D:1:      dpeg_arrival_oval, layout_loops_ring
D:2:      layout_basic, hangedman_abyss_or_decor_lesser_grid, uniq_terence
D:3:      layout_rooms, biasface_ghost_orc_armoury
D:4:      layout_basic, minmay_temple_entry_arrows, ebering_ghost_sewer_d,
          st_stairs_3
D:5:      layout_basic, serial_shops, shop, uniq_crazy_yiuf_cottage,
          uniq_sigmund, uniq_eustachio, uniq_blork_the_orc
D:6:      layout_rooms, serial_park_tiny_pond, nicolae_hexahallways,
          uniq_grinder
Temple:   kilobyte_greek_temple

Skill      XL: |  1  2  3  4  5  6  7 |
---------------+----------------------+-----
Long Blades    | 3 |  3.6
Dodging        | 3 4 |  4.5
Armour         | 1 2 |  2.8
Short Blades   | 1 2 3 |  3.0
Stealth        | 1 |  1.1
Fighting       | 4 |  4.1
Invocations    | 1 |  1.5
Throwing       | |  0.1
Shields        | |  0.1
Evocations     | |  0.7

Action                     |  1- 3 |  4- 6 |  7- 9 || total
---------------------------+-------+-------+-------++-------
  Melee: Falchion          |    89 |     7 |       ||    96
         Dagger            |       |   217 |       ||   217
         Morningstar       |       |     8 |    13 ||    21
         Headbutt          |       |       |     2 ||     2
  Throw: Boomerang         |       |     1 |     2 ||     3
  Evoke: Wand              |       |     4 |     1 ||     5
    Use: Potion            |     1 |     1 |       ||     2
 Armour: Scale mail        |    21 |       |       ||    21
         Robe              |     4 |       |       ||     4
         Swamp dragon scal |    20 |   105 |       ||   125
         Ring mail         |       |     2 |     3 ||     5
  Dodge: Dodged            |    61 |   139 |     9 ||   209
  Block: Orb               |       |    24 |       ||    24
